 Dungeon Crawl Stone Soup version 0.24-a0-520-g8fd06ad0bc (webtiles) character file.

Game seed: 11521042711952789229

149 vurker the Bolt Thrower (level 5, -6/32 HPs)
             Began as a Kobold Hunter on July 27, 2019.
             Mangled by an ice beast (13 damage)
             ... on level 6 of the Dungeon.
             The game lasted 00:07:06 (4244 turns).

vurker the Bolt Thrower (Kobold Hunter)             Turns: 4244, Time: 00:07:07

Health: -6/32      AC:  5    Str: 10    XL:     5   Next: 57%
Magic:  5/5        EV: 13    Int: 13    God:
Gold:   166        SH:  0    Dex: 15    Spells: 4/4 levels left

rFire    . . .     SeeInvis .   a - +1 hand crossbow
rCold    . . .     Gourm    .   (shield restricted)
rNeg     . . .     Faith    .   k - +0 ring mail
rPois    .         Spirit   .   (no helmet)
rElec    .         Reflect  .   (no cloak)
rCorr    .         Harm     .   (no gloves)
MR       .....                  (no boots)
Stlth    +.........             (no amulet)
HPRegen  0.10/turn              (no ring)
MPRegen  0.09/turn              (no ring)

@: no status effects
A: small, carnivore
a: no special abilities


You were on level 6 of the Dungeon.
You were very full.

You visited 1 branch of the dungeon, and saw 4 of its levels.

You collected 166 gold pieces.

Inventory:

Hand Weapons
 a - a +1 hand crossbow (weapon)
 b - a +0 dagger
   (You took it off a kobold on level 1 of the Dungeon)
Missiles
 d - 43 bolts (quivered)
Armour
 k - a +0 ring mail (worn)
   (You found it on level 1 of the Dungeon)
Wands
 t - a wand of clouds (5)
   (You found it on level 2 of the Dungeon)
Scrolls
 f - a scroll of blinking {unknown}
 i - 8 scrolls of identify {unknown}
 j - 2 scrolls of remove curse {unknown}
 l - a scroll of enchant weapon {unknown}
 p - a scroll of teleportation {unknown}
 q - 2 scrolls of amnesia {unknown}
 s - a scroll of immolation {unknown}
Potions
 g - 2 potions of heal wounds {unknown}
 h - 2 potions of agility {unknown}
 m - 2 potions of cancellation {unknown}
 n - a potion of ambrosia {unknown}
 o - a potion of curing {unknown}
 r - a potion of flight {unknown}
Comestibles
 e - 4 rations


   Skills:
 + Level 3.1 Fighting
 * Level 3.9 Short Blades
 * Level 6.2 Crossbows
 - Level 2.4 Dodging
 - Level 1.3 Stealth


You had 4 spell levels left.
You didn't know any spells.
Your spell library was empty.

Dungeon Overview and Level Annotations

Branches:
Dungeon (3/15)

Altars:
Elyvilon
Xom


Innate Abilities, Weirdness & Mutations

You are small and have problems with some larger weapons.
You are carnivorous and can eat meat at any time.


Message History

You hit the jackal but do no damage. The jackal barely misses you.
The jackal misses you.
You hit the jackal. The jackal barely misses you. x2
You barely miss the jackal. The jackal closely misses you.
The jackal barely misses you.
You hit the jackal.
You kill the jackal!
The jackal bites you.
The jackal bites you but does no damage.
You hit the jackal. The jackal closely misses you.
You hit the jackal.
You kill the jackal!
You barely miss the ice beast. The ice beast hits you.
The ice beast freezes you!
* * * LOW HITPOINT WARNING * * *
a - a +1 hand crossbow (weapon)
Firing (i - inventory)
d - 49 bolts (quivered)
Aim: an ice beast You shoot a bolt.
The bolt hits the ice beast but does no damage.
The ice beast hits you but does no damage.
The ice beast closely misses you.
Firing (i - inventory)
d - 48 bolts (quivered)
Aim: an ice beast You shoot a bolt.
The bolt hits the ice beast but does no damage.
The ice beast hits you.
* * * LOW HITPOINT WARNING * * *
The ice beast freezes you.
* * * LOW HITPOINT WARNING * * *
Firing (i - inventory)
d - 47 bolts (quivered)
Aim: an ice beast You shoot a bolt.
The bolt hits the ice beast but does no damage.
The ice beast completely misses you.
Firing (i - inventory)
d - 46 bolts (quivered)
Aim: an ice beast You shoot a bolt.
The bolt hits the ice beast!
The ice beast barely misses you.
Firing (i - inventory)
d - 45 bolts (quivered)
Aim: an ice beast (heavily wounded)
You shoot a bolt. The bolt hits the ice beast.
The ice beast hits you but does no damage.
Firing (i - inventory)
d - 44 bolts (quivered)
Aim: an ice beast (severely wounded)
You shoot a bolt.
The bolt hits the ice beast but does no damage.
The ice beast hits you.
* * * LOW HITPOINT WARNING * * *
The ice beast freezes you!
You die...

. #
....#######....
.......@Y...>..
...####.†..####
..#### ####


You could see an ice beast.

Vanquished Creatures
  An orc priest (D:3)
  3 adders
  4 worms
  2 leopard geckos (D:2)
  4 orcs
  3 giant cockroaches
  4 goblins
  7 hobgoblins
  11 jackals
  9 kobolds
  3 ball pythons
  9 bats
  5 frilled lizards
  9 rats
74 creatures vanquished.

Notes
Turn   | Place    | Note
-------+----------+-------------------------------------------
     0 | D:1      | vurker the Kobold Hunter began the quest for the Orb.
     0 | D:1      | Reached XP level 1. HP: 12/12 MP: 1/1
   189 | D:1      | Reached skill level 1 in Short Blades
   189 | D:1      | Reached skill level 5 in Crossbows
   189 | D:1      | Reached XP level 2. HP: 10/18 MP: 2/2
  1046 | D:1      | Reached XP level 3. HP: 22/22 MP: 3/3
  1880 | D:2      | Reached XP level 4. HP: 27/27 MP: 4/4
  2290 | D:2      | Found a white marble altar of Elyvilon.
  2371 | D:2      | Found a shimmering altar of Xom.
  2371 | D:2      | Found a shimmering altar of Xom.
  3371 | D:2      | Reached XP level 5. HP: 29/32 MP: 5/5
  3789 | D:3      | Reached skill level 6 in Crossbows
  4210 | D:3      | You fall into a shaft and drop 3 floors!
  4229 | D:6      | Noticed an ice beast
  4244 | D:6      | Mangled by an ice beast

Levels and vault maps discovered:
D:1:      lightli_arrival_boilingwater, layout_basic, minmay_hexomino_u4
D:2:      layout_loops_ring, elyvilon_altar_5, xom_redecorated, first_ration
D:3:      layout_basic, nicolae_ru_path_of_blood
D:6:      layout_rooms, old_standard_altar, overflow_temple_1_default,
          uniq_sigmund

Skill      XL: |  1  2  3  4  5 |
---------------+----------------+-----
Short Blades   | 1 2 3 |  3.9
Crossbows      | 5 6 |  6.2
Fighting       | 3 |  3.1
Dodging        | |  2.4
Stealth        | |  1.3

Action                   |  1- 3 |  4- 6 || total
-------------------------+-------+-------++-------
Melee: Short sword       |    27 |       ||    27
       Dagger            |   138 |   181 ||   319
 Fire: Hand crossbow     |    27 |    44 ||    71
 Stab: Sleeping          |       |     1 ||     1
  Eat: Chunk             |    12 |     6 ||    18
Armor: Leather armour    |    13 |       ||    13
       Ring mail         |    39 |    59 ||    98
Dodge: Dodged            |   144 |   168 ||   312

Table legend:
 A = Non-vault XP
 B = Vault XP
 C = Vault XP percentage of total XP
 D = Non-vault monster count
 E = Vault monster count
 F = Vault count percentage of total count
                 A         B        C        D         E       F
            +---------+---------+-------+---------+---------+-------
      Total |     211 |       3 |   1.4 |      71 |       3 |   4.1
            +---------+---------+-------+---------+---------+-------
        D:1 |      40 |       3 |   7.0 |      25 |       3 |  10.7
        D:2 |      75 |       0 |   0.0 |      28 |       0 |   0.0
        D:3 |      90 |       0 |   0.0 |      15 |       0 |   0.0
        D:6 |       6 |       0 |   0.0 |       3 |       0 |   0.0
            +---------+---------+-------+---------+---------+-------
